 Dungeon Crawl Stone Soup version 0.27.1 (webtiles) character file.

Game seed: 11324734161541440899

91 dtburroughs the Skirmisher (level 4, -3/41 HPs)
             Began as a Minotaur Berserker on Aug 23, 2021.
             Was a Believer of Trog.
             Slain by Sigmund (5 damage)
             ... on level 3 of the Dungeon.
             The game lasted 00:02:56 (2399 turns).

dtburroughs the Skirmisher (Minotaur Berserker)     Turns: 2399, Time: 00:02:57

Health: -3/41      AC:  2    Str: 22    XL:     4   Next: 33%
Magic:  3/3        EV: 12    Int:  5    God:    Trog [**....]
Gold:   115        SH:  0    Dex:  9    Spells: 3/3 levels left

rFire    . . .     SeeInvis .   a - +0 hand axe
rCold    . . .     Faith    .   (no shield)
rNeg     . . .     Spirit   .   b - +0 animal skin
rPois    .         Reflect  .   (helmet restricted)
rElec    .         Harm     .   (no cloak)
rCorr    .         Rampage  .   (no gloves)
Will     .....                  (no boots)
Stlth    +.........             (no amulet)
HPRegen  0.13/turn              (no ring)
MPRegen  0.08/turn              (no ring)

@: confused, on berserk cooldown, slowed, very slow
A: horns 2, retaliatory headbutt
a: Renounce Religion, Berserk, Trog's Hand


You were on level 3 of the Dungeon.
You worshipped Trog.
Trog was pleased with you.
You visited 1 branch of the dungeon, and saw 3 of its levels.

You collected 115 gold pieces.

Inventory:

Hand Weapons
 a - a +0 hand axe (weapon)
Armour
 b - a +0 animal skin (worn)
Scrolls
 c - a scroll of silence {unknown}
 e - 2 scrolls of identify {unknown}
 g - a scroll of magic mapping {unknown}
 h - a scroll of teleportation {unknown}
 i - a scroll of holy word {unknown}
Potions
 d - a potion of heal wounds {unknown}
 f - 2 potions of lignification {unknown}
 j - a potion of haste {unknown}
 k - a potion of curing {unknown}


   Skills:
 + Level 4.4 Fighting
 + Level 4.4 Axes
 + Level 3.5 Armour
 + Level 3.1 Dodging


You had 3 spell levels left.
You didn't know any spells.
Your spell library was empty.

Dungeon Overview and Level Annotations

Branches:
Dungeon (3/15)

Altars:

Annotations:
D:3 Sigmund


Innate Abilities, Weirdness & Mutations

You have a pair of horns on your head.
You reflexively headbutt those who attack you in melee.


Message History

Trog accepts your kill.
You open the door.
A giant cockroach comes into view.
You hit the giant cockroach.
You kill the giant cockroach!
Trog accepts your kill.
There is an open door here.
You see here a giant cockroach corpse.
Found 8 gold pieces.
Sigmund the Dreaded comes into view.
He is wielding a +0 scythe.
Found a lumpy inky potion and 16 gold pieces.
Found a stone staircase leading down.
Sigmund is nearby!
Sigmund casts a spell.
Sigmund flickers and vanishes!
Deactivating autopickup; reactivate with Ctrl-A.
A puff of flame appears from out of thin air!
The puff of flame hits you! Something hits you!
A red film seems to cover your vision as you go berserk!
You feel yourself moving faster!
You feel mighty!
You hear some strange, mumbled words.
You are confused.
You bump into the rock wall.
You feel a strong urge to attack something.
Something barely misses you.
You bump into the rock wall.
You feel your anger nearly subside. Something hits you!
* * * LOW HITPOINT WARNING * * *
You bump into the rock wall.
You are no longer berserk.
You are exhausted.
You feel yourself slow down. Something hits you!
* * * LOW HITPOINT WARNING * * *
You hear some strange, mumbled words.
You are more confused.
Something hits you.
You die...

#..... ...... #......
...$..> ....#.. ...
#. ....... ....
#.#####.......
....##.#..@{.......
#.....#†###....$.. ..
+.........#.......
...#.........##....!.
...#.........# ......
............##...#..
..........(...# ..# .
....#.##......# ...
#...........#


There were no monsters in sight!

Vanquished Creatures
  Robin (D:2)
  2 adders (D:2)
  A worm (D:2)
  3 dart slugs
  4 ball pythons
  2 bats (D:2)
  3 endoplasms
  3 giant cockroaches
  12 goblins
  6 hobgoblins
  4 jackals (D:1)
  2 kobolds (D:1)
  A quokka skeleton (D:2)
  3 rats (D:2)
47 creatures vanquished.

Vanquished Creatures (others)
  4 toadstools (D:1)
4 creatures vanquished.

Grand Total: 51 creatures vanquished

Notes
Turn   | Place    | Note
-------+----------+-------------------------------------------
     0 | D:1      | dtburroughs the Minotaur Berserker began the quest for the
                  | Orb.
     0 | D:1      | Reached XP level 1. HP: 19/19 MP: 0/0
    52 | D:1      | Reached XP level 2. HP: 19/27 MP: 1/1
   201 | D:1      | Found a faded altar of an unknown god.
   911 | D:2      | Reached XP level 3. HP: 21/33 MP: 2/2
  1228 | D:2      | Reached ** piety under Trog
  1434 | D:2      | Noticed Robin
  1450 | D:2      | Killed Robin
  1451 | D:2      | Reached XP level 4. HP: 37/41 MP: 3/3
  2381 | D:3      | Noticed Sigmund
  2397 | D:3      | HP: 2/41 [something (7)]
  2399 | D:3      | Slain by Sigmund

Illustrated notes

Levels and vault maps discovered:
D:1:      ldierk_walled_garden_2, layout_loops_ring,
          ebering_ecumenical_altar_sacrificial, minmay_misc_feat_rows,
          minmay_misc_feat_secret_circle
D:2:      layout_loops_corners, st_stairs_11, kennysheep_cluttered_room,
          grunt_ministairs_7, uniq_robin
D:3:      layout_basic, cheibrodos_ashenzari_chains, serial_shops, shop,
          minmay_misc_feat_tiny, uniq_sigmund

Skill      XL: |  1  2  3 |
---------------+----------+-----
Fighting       | 4 |  4.4
Axes           | 4 |  4.4
Armour         | 3 |  3.5
Dodging        | 3 |  3.1

Action                   |  1- 3 |  4- 6 || total
-------------------------+-------+-------++-------
Melee: Hand axe          |    73 |    25 ||    98
       Headbutt          |    13 |     2 ||    15
Invok: Berserk           |     1 |     1 ||     2
 Stab: Sleeping          |     1 |       ||     1
Armor: Animal skin       |    21 |     2 ||    23
Dodge: Dodged            |    49 |    14 ||    63
